SNL (28 & UNDER)
SANTA FE DIABLOS @ MEMPHIS BLUES
05/14/2024
 
TOP OF THE 1ST
Santa Fe Diablos batting - Pitching for Memphis Blues : RHP Al Bernhardt
Pitching: RHP Al Bernhardt
Batting: RHB Emílio Bruno 0-0: Ball
1-0: Ball
2-0: Ball
3-0: Called Strike
3-1: Swinging Strike
3-2: Foul Ball, location: 2F
3-2: Fly out, F6 (Popup, 5F)
Batting: RHB Ray Davis 0-0: Called Strike
0-1: Ball
1-1: Swinging Strike
1-2: Strikes out swinging
Batting: SHB António Hernández 0-0: Called Strike
0-1: Ball
1-1: Fly out, F7 (Line Drive, 7S)
Top of the 1st over - 0 run(s), 0 hit(s), 0 error(s), 0 left on base; Santa Fe 0 - Memphis 0
BOTTOM OF THE 1ST
Memphis Blues batting - Pitching for Santa Fe Diablos : RHP Tex Perkins
Pitching: RHP Tex Perkins
Batting: RHB Jorge Domínguez 0-0: Ball
1-0: Swinging Strike
1-1: Called Strike
1-2: Strikes out looking
Batting: RHB Dave Wookey 0-0: Ball
1-0: Hit by Pitch
Batting: RHB Dale Taylor 0-0: Called Strike
Dave Wookey steals 2nd base
0-1: Ball
1-1: Ball
2-1: 2-RUN HOME RUN (Flyball, 78XD), Distance : 428 ft
Batting: LHB Arturo Rivera 0-0: Fly out, F7 (Flyball, 7M)
Batting: RHB Sadao Kato 0-0: Ball
1-0: Ball
2-0: Ball
3-0: Swinging Strike
3-1: Ground out 6-3 (Groundball, 6S)
Bottom of the 1st over - 2 run(s), 1 hit(s), 0 error(s), 0 left on base; Santa Fe 0 - Memphis 2
TOP OF THE 2ND
Santa Fe Diablos batting - Pitching for Memphis Blues : RHP Al Bernhardt
Batting: RHB Júlio López 0-0: Called Strike
0-1: Swinging Strike
0-2: Strikes out swinging
Batting: RHB Robinson Pacheco 0-0: Swinging Strike
0-1: Foul Ball, location: 2F
0-2: Foul Ball, location: 2F
0-2: Foul Ball, location: 2F
0-2: SINGLE (Line Drive, 7S)
Batting: LHB Don Soper 0-0: Ball
1-0: Ball
2-0: Ball
3-0: Base on Balls
Robinson Pacheco to second
Batting: RHB Ánibal Gonzáles 0-0: Ball
1-0: Fly out, F8 (Flyball, 8LM)
Batting: RHB Michael Anderson 0-0: Called Strike
0-1: Foul Ball, location: 2F
0-2: Ball
1-2: Foul Ball, location: 2F
1-2: Foul Ball, location: 2F
1-2: Foul Ball, location: 2F
1-2: Foul Ball, location: 2F
1-2: SINGLE (Line Drive, 9S)
Robinson Pacheco to third
Don Soper to second
Batting: RHB Richard Wilkins 0-0: Called Strike
0-1: SINGLE (Line Drive, 89M)
Robinson Pacheco scores
Don Soper to third
Michael Anderson to second
Runner from 3rd tries for Home, SAFE, no throw or cutoff
Batting: RHB Emílio Bruno 0-0: Called Strike
0-1: Swinging Strike
0-2: Ball
1-2: Strikes out swinging
Top of the 2nd over - 2 run(s), 3 hit(s), 0 error(s), 2 left on base; Santa Fe 2 - Memphis 2
BOTTOM OF THE 2ND
Memphis Blues batting - Pitching for Santa Fe Diablos : RHP Tex Perkins
Batting: RHB Glenn Johnson 0-0: Foul Ball, location: 2F
0-1: Ball
1-1: Called Strike
1-2: Ball
2-2: Ball
3-2: Strikes out swinging
Batting: RHB Glenn Melican 0-0: Ball
1-0: SINGLE (Groundball, 5D)
Batting: RHB Dave O'Neill 0-0: Ball
Glenn Melican is caught stealing 2nd base
1-0: Foul Ball, location: 2F
1-1: Swinging Strike
1-2: Foul Ball, location: 2F
1-2: Ball
2-2: Fly out, F9 (Flyball, 89S)
Bottom of the 2nd over - 0 run(s), 1 hit(s), 0 error(s), 0 left on base; Santa Fe 2 - Memphis 2
TOP OF THE 3RD
Santa Fe Diablos batting - Pitching for Memphis Blues : RHP Al Bernhardt
Batting: RHB Ray Davis 0-0: Ball
1-0: SINGLE (Groundball, 6M) (infield hit)
Batting: SHB António Hernández 0-0: Called Strike
0-1: Foul Ball, location: 2F
0-2: Grounds out, U3 (Groundball, 3L)
Batting: RHB Júlio López 0-0: Ball
1-0: Swinging Strike
1-1: Foul Ball, location: 2F
1-2: Strikes out swinging
Batting: RHB Robinson Pacheco 0-0: Called Strike
0-1: Ball
1-1: Called Strike
1-2: Ball
2-2: SINGLE (Line Drive, 34)
Ray Davis to third
Batting: LHB Don Soper 0-0: Ball
1-0: Called Strike
1-1: Swinging Strike
1-2: Strikes out looking
Top of the 3rd over - 0 run(s), 2 hit(s), 0 error(s), 2 left on base; Santa Fe 2 - Memphis 2
BOTTOM OF THE 3RD
Memphis Blues batting - Pitching for Santa Fe Diablos : RHP Tex Perkins
Batting: RHB Dale O'Feennaghty 0-0: Called Strike
0-1: Ball
1-1: Foul Ball, location: 2F
1-2: Ball
2-2: Ball
3-2: Strikes out looking
Batting: RHB Jorge Domínguez 0-0: Swinging Strike
0-1: Foul Ball, location: 2F
0-2: Ground out 5-3 (Groundball, 5)
Batting: RHB Dave Wookey 0-0: Ball
1-0: Swinging Strike
1-1: Swinging Strike
1-2: Ball
2-2: Foul Ball, location: 2F
2-2: Foul Ball, location: 2F
2-2: Foul Ball, location: 2F
2-2: Strikes out swinging
Bottom of the 3rd over - 0 run(s), 0 hit(s), 0 error(s), 0 left on base; Santa Fe 2 - Memphis 2
TOP OF THE 4TH
Santa Fe Diablos batting - Pitching for Memphis Blues : RHP Al Bernhardt
Batting: RHB Ánibal Gonzáles 0-0: Ground out 6-3 (Groundball, 6M)
Batting: RHB Michael Anderson 0-0: Called Strike
0-1: Ball
1-1: Ball
2-1: Foul Ball, location: 2F
2-2: Strikes out looking
Batting: RHB Richard Wilkins 0-0: Ball
1-0: Fly out, F9 (Flyball, 9M)
Top of the 4th over - 0 run(s), 0 hit(s), 0 error(s), 0 left on base; Santa Fe 2 - Memphis 2
BOTTOM OF THE 4TH
Memphis Blues batting - Pitching for Santa Fe Diablos : RHP Tex Perkins
Batting: RHB Dale Taylor 0-0: SINGLE (Groundball, 6M)
Batting: LHB Arturo Rivera 0-0: Ball
1-0: Called Strike
1-1: Called Strike
1-2: 2-RUN HOME RUN (Line Drive, 89XD), Distance : 436 ft
Batting: RHB Sadao Kato 0-0: Fly out, F9 (Flyball, 89D)
Batting: RHB Glenn Johnson 0-0: Ground out U3 (Groundball, 3S)
Batting: RHB Glenn Melican 0-0: Ball
1-0: Ball
2-0: SINGLE (Line Drive, 5D)
Batting: RHB Dave O'Neill 0-0: Ball
1-0: Ground out 4-3 (Groundball, 4)
Bottom of the 4th over - 2 run(s), 3 hit(s), 0 error(s), 1 left on base; Santa Fe 2 - Memphis 4
TOP OF THE 5TH
Santa Fe Diablos batting - Pitching for Memphis Blues : RHP Al Bernhardt
Batting: RHB Emílio Bruno 0-0: Foul Ball, location: 2F
0-1: Called Strike
0-2: Foul Ball, location: 2F
0-2: Fly out, F8 (Flyball, 8LM)
Batting: RHB Ray Davis 0-0: Ball
1-0: Called Strike
1-1: Foul Ball, location: 2F
1-2: Ball
2-2: Ground out 6-3 (Groundball, 6)
Batting: SHB António Hernández 0-0: Ground out 1-3 (Groundball, 13)
Top of the 5th over - 0 run(s), 0 hit(s), 0 error(s), 0 left on base; Santa Fe 2 - Memphis 4
BOTTOM OF THE 5TH
Memphis Blues batting - Pitching for Santa Fe Diablos : RHP Tex Perkins
Batting: RHB Dale O'Feennaghty 0-0: Ball
1-0: Ball
2-0: Ball
3-0: Called Strike
3-1: Base on Balls
Batting: RHB Jorge Domínguez 0-0: Ball
1-0: Swinging Strike
1-1: Foul Ball, location: 2F
1-2: Strikes out swinging
Batting: RHB Dave Wookey 0-0: Ball
1-0: Called Strike
1-1: Swinging Strike
1-2: Strikes out swinging
Batting: RHB Dale Taylor 0-0: Called Strike
0-1: Ball
1-1: Foul Ball, location: 2F
1-2: Ball
2-2: Foul Ball, location: 2F
2-2: Ball
3-2: Strikes out swinging
Bottom of the 5th over - 0 run(s), 0 hit(s), 0 error(s), 1 left on base; Santa Fe 2 - Memphis 4
TOP OF THE 6TH
Santa Fe Diablos batting - Pitching for Memphis Blues : RHP Al Bernhardt
Batting: RHB Júlio López 0-0: Ball
1-0: Fly out, F9 (Flyball, 89XD)
Batting: RHB Robinson Pacheco 0-0: Ball
1-0: Ball
2-0: Called Strike
2-1: Swinging Strike
2-2: Ball
3-2: Strikes out looking
Batting: LHB Don Soper 0-0: Called Strike
0-1: Ball
1-1: Ball
2-1: Called Strike
2-2: Strikes out swinging
Top of the 6th over - 0 run(s), 0 hit(s), 0 error(s), 0 left on base; Santa Fe 2 - Memphis 4
BOTTOM OF THE 6TH
Memphis Blues batting - Pitching for Santa Fe Diablos : RHP Tex Perkins
Batting: LHB Arturo Rivera 0-0: Ball
1-0: Foul Ball, location: 2F
1-1: Foul Ball, location: 2F
1-2: SINGLE (Line Drive, 9S)
Batting: RHB Sadao Kato 0-0: Ball
1-0: Foul Ball, location: 2F
1-1: Grounds into double play, 6-4-3 (Groundball, 6M)
Batting: RHB Glenn Johnson 0-0: Ground out 4-3 (Groundball, 4)
Bottom of the 6th over - 0 run(s), 1 hit(s), 0 error(s), 0 left on base; Santa Fe 2 - Memphis 4
TOP OF THE 7TH
Santa Fe Diablos batting - Pitching for Memphis Blues : RHP Al Bernhardt
Batting: RHB Ánibal Gonzáles 0-0: Ball
1-0: Called Strike
1-1: Ball
2-1: Foul Ball, location: 2F
2-2: Foul Ball, location: 2F
2-2: Strikes out swinging
Pitching: LHP Ramón Vázquez
Batting: RHB Michael Anderson 0-0: Called Strike
0-1: Ball
1-1: SINGLE (Flyball, 89S)
Batting: RHB Richard Wilkins 0-0: Called Strike
0-1: Ball
1-1: Called Strike
1-2: Ball
2-2: Foul Ball, location: 2F
2-2: SINGLE (Line Drive, 6D)
Michael Anderson to second
Batting: RHB Emílio Bruno 0-0: Ball
1-0: Ball
2-0: Foul Ball, location: 2F
2-1: Ball
3-1: Base on Balls
Michael Anderson to third
Richard Wilkins to second
Batting: RHB Ray Davis 0-0: DOUBLE (Flyball, 8LXD)
Michael Anderson scores
Richard Wilkins scores
Emílio Bruno to third
Batting: SHB António Hernández 0-0: Called Strike
0-1: Ground out 3-1 (Groundball, 23)
Batting: RHB Júlio López 0-0: Fly out, F8 (Flyball, 8RS)
Top of the 7th over - 2 run(s), 3 hit(s), 0 error(s), 2 left on base; Santa Fe 4 - Memphis 4
BOTTOM OF THE 7TH
Memphis Blues batting - Pitching for Santa Fe Diablos : RHP Tex Perkins
Pinch Hitting: RHB Jesús Sánchez 0-0: Foul Ball, location: 2F
0-1: Ball
1-1: Ball
2-1: Foul Ball, location: 2F
2-2: Strikes out swinging
Batting: RHB Dave O'Neill 0-0: Called Strike
0-1: Ground out 4-3 (Groundball, 4S)
Batting: RHB Dale O'Feennaghty 0-0: Ball
1-0: Fly out, F9 (Flyball, 89M)
Bottom of the 7th over - 0 run(s), 0 hit(s), 0 error(s), 0 left on base; Santa Fe 4 - Memphis 4
TOP OF THE 8TH
Santa Fe Diablos batting - Pitching for Memphis Blues : LHP Ramón Vázquez
Now at SS: Lorenzo Mota
Batting: RHB Robinson Pacheco 0-0: Swinging Strike
0-1: Swinging Strike
0-2: Strikes out swinging
Pinch Hitting: RHB John Dinkins 0-0: Ball
1-0: Ball
2-0: SINGLE (Groundball, 5L)
Batting: RHB Ánibal Gonzáles 0-0: Ball
1-0: Foul Ball, location: 2F
1-1: Foul Ball, location: 2F
1-2: Ball
2-2: Ball
3-2: Base on Balls
John Dinkins to second
Batting: RHB Michael Anderson 0-0: Called Strike
0-1: Foul Ball, location: 2F
0-2: SINGLE (Line Drive, 9LS)
John Dinkins to third
Ánibal Gonzáles to second
Pinch Hitting: RHB José Alvarado 0-0: Called Strike
0-1: Called Strike
0-2: Ball
1-2: Foul Ball, location: 2F
1-2: Ball
2-2: Fly out, F9 (Flyball, 9M)
Runner from 3rd tags up, SCORES, no throw
Pitching: RHP Jerry Poole
Batting: RHB Emílio Bruno 0-0: Ball
1-0: SINGLE (Line Drive, 4MD)
Ánibal Gonzáles to third
Michael Anderson to second
Runner from 3rd tries for Home, SAFE, throw made at trailing runner, OUT at third!
Top of the 8th over - 2 run(s), 3 hit(s), 0 error(s), 1 left on base; Santa Fe 6 - Memphis 4
BOTTOM OF THE 8TH
Memphis Blues batting - Pitching for Santa Fe Diablos : RHP Tex Perkins
Pitching: RHP David Sheppard
Now at SS: John Dinkins
Now in RF: Keith Jones
Batting: RHB Jorge Domínguez 0-0: Called Strike
0-1: Foul Ball, location: 2F
0-2: Strikes out swinging
Batting: RHB Dave Wookey 0-0: Called Strike
0-1: Ball
1-1: Ball
2-1: Called Strike
2-2: Foul Ball, location: 2F
2-2: Ball
3-2: Fly out, F9 (Flyball, 89S)
Batting: RHB Dale Taylor 0-0: Ground out 6-3 (Groundball, 6S)
Bottom of the 8th over - 0 run(s), 0 hit(s), 0 error(s), 0 left on base; Santa Fe 6 - Memphis 4
TOP OF THE 9TH
Santa Fe Diablos batting - Pitching for Memphis Blues : RHP Jerry Poole
Batting: RHB Ray Davis 0-0: Ball
1-0: Ball
2-0: Fly out, F6 (Popup, 6)
Batting: SHB António Hernández 0-0: Called Strike
0-1: Ball
1-1: Ball
2-1: Ground out 4-3 (Groundball, 4)
Batting: RHB Júlio López 0-0: Ball
1-0: Called Strike
1-1: Foul Ball, location: 2F
1-2: Ball
2-2: Ball
3-2: Ground out 6-3 (Groundball, 6)
Top of the 9th over - 0 run(s), 0 hit(s), 0 error(s), 0 left on base; Santa Fe 6 - Memphis 4
BOTTOM OF THE 9TH
Memphis Blues batting - Pitching for Santa Fe Diablos : RHP David Sheppard
Pitching: RHP Kenshin Kubota
Now at 2B: George Adams
Batting: LHB Arturo Rivera 0-0: Foul Ball, location: 2F
0-1: Called Strike
0-2: Foul Ball, location: 2F
0-2: Ball
1-2: Strikes out swinging
Batting: RHB Sadao Kato 0-0: Ground out 5-3 (Groundball, 5S)
Batting: RHB Glenn Johnson 0-0: Ball
1-0: DOUBLE (Line Drive, 78XD)
Pinch Hitting: RHB Raúl Perales 0-0: Called Strike
0-1: Ball
1-1: Ball
2-1: Swinging Strike
2-2: Ball
3-2: Base on Balls
Batting: RHB Dave O'Neill 0-0: Ball
1-0: Called Strike
1-1: Swinging Strike
1-2: Foul Ball, location: 2F
1-2: Ground out 1-3 (Groundball, 13S)
Bottom of the 9th over - 0 run(s), 1 hit(s), 0 error(s), 2 left on base; Santa Fe 6 - Memphis 4
This league is powered by Out of the Park Baseball, the baseball management simulation game for PC, Mac and Linux
Saturday, April 9th, 2016 - OOTP Baseball 16.8 Build 38